 Dungeon Crawl Stone Soup version 0.30.0-5-g1a98f26d00 (webtiles) character file.

Game seed: 1194802164340242941

83 edwardauron the Shooter (level 4, -2/22 HPs)
             Began as a Spriggan Hunter on May 12, 2023.
             Was a Follower of Jiyva.
             Slain by Menkaure (10 damage)
             ... on level 4 of the Dungeon.
             The game lasted 00:02:52 (1909 turns).

edwardauron the Shooter (Spriggan Hunter)           Turns: 1909, Time: 00:02:53

Health: -2/22      AC:  6    Str:  7    XL:     4   Next: 22%
Magic:  5/5        EV: 19    Int: 10    God:    Jiyva [*.....]
Gold:   87         SH:  0    Dex: 20    Spells: 3/3 levels left

rFire   . . .        a - +0 shortbow
rCold   . . .        (shield currently unavailable)
rNeg    . . .        c - +0 robe
rPois   +            k - +4 hat "Ole Haqi" {rPois}
rElec   .            (no cloak)
rCorr   .            (gloves unavailable)
SInv    +            (boots unavailable)
Will    .....        i - amulet of faith
Stlth   ++           (no ring)
HPRegen 1.03/turn    (no ring)
MPRegen 0.34/turn

%: faith
@: very quick
A: very small, no large weapons, unfitting armour, see invisible, speed 3
a: Renounce Religion


You were on level 4 of the Dungeon.
You worshipped Jiyva.
Jiyva was aware of your devotion.
You visited 1 branch of the dungeon, and saw 4 of its levels.

You collected 87 gold pieces.

Inventory:

Hand Weapons
 a - a +0 shortbow (weapon)
Armour
 c - a +0 robe (worn)
 k - the +4 hat "Ole Haqi" (worn) {rPois}
   (You found it on level 3 of the Dungeon)

   rPois:     It protects you from poison.
Jewellery
 i - an amulet of faith (around neck)
Scrolls
 b - 2 scrolls of immolation
 d - a scroll of enchant weapon {unknown}
 f - a scroll of fog {unknown}
 j - a scroll of magic mapping {unknown}
 l - a scroll of identify {unknown}
Potions
 e - 2 potions of attraction {unknown}
 g - 2 potions of heal wounds {unknown}
 h - 2 potions of curing {unknown}


   Skills:
 - Level 1.5 Fighting
 + Level 5.1 Ranged Weapons
 + Level 4.4 Dodging
 - Level 1.5 Stealth


You had 3 spell levels left.
You didn't know any spells.
Your spell library contained the following spells:

 Spells                   Type           Power      Damage    Failure   Level
 Freeze                   Ice            0%         1d3       36%         1
 Frozen Ramparts          Ice            0%         1d1       75%         3
 Hailstorm                Conj/Ice       0%         3d3       75%         3


Dungeon Overview and Level Annotations

Branches:
Dungeon (4/15)
 Temple: D:4-7

Altars:
Jiyva

Annotations:
D:4 Menkaure


Innate Abilities, Weirdness & Mutations

You are very small and have problems with some larger weapons.
You are too small for most types of armour.
You have supernaturally acute eyesight. (SInv)
You cover ground extremely quickly. (Speed+++)


Message History

Fire: a) +0 shortbow
Press: ? - help, Q - select action Shift-Dir - straight line, f/p - Menkaure
Aim: Menkaure (moderately damaged, fast, 77% to hit)
You shoot an arrow. The arrow hits Menkaure!
Menkaure is almost destroyed.
Fire: a) +0 shortbow
Press: ? - help, Q - select action Shift-Dir - straight line, f/p - Menkaure
Aim: Menkaure (severely damaged, fast, 77% to hit)
You shoot an arrow. The arrow barely misses Menkaure.
Menkaure gestures at you while chanting.
Pain shoots through your body! Menkaure casts a spell at you.
Pain shoots through your body!
* * * LOW HITPOINT WARNING * * *
Fire: a) +0 shortbow
Press: ? - help, Q - select action Shift-Dir - straight line, f/p - Menkaure
Aim: Menkaure (severely damaged, fast, 77% to hit)
You shoot an arrow. The arrow hits Menkaure.
Menkaure is almost destroyed.
Fire: a) +0 shortbow
Press: ? - help, Q - select action Shift-Dir - straight line, f/p - Menkaure
Aim: Menkaure (almost destroyed, fast, 77% to hit)
You shoot an arrow. The arrow barely misses Menkaure.
Menkaure casts a spell at you. Pain shoots through your body!
* * * LOW HITPOINT WARNING * * *
Fire: a) +0 shortbow
Press: ? - help, Q - select action Shift-Dir - straight line, f/p - Menkaure
Aim: Menkaure (almost destroyed, fast, 77% to hit)
You shoot an arrow. The arrow hits Menkaure.
Menkaure is almost destroyed.
Fire: a) +0 shortbow
Press: ? - help, Q - select action Shift-Dir - straight line, f/p - Menkaure
Aim: Menkaure (almost destroyed, fast, 77% to hit)
You shoot an arrow.
The arrow hits Menkaure but does no damage.
Menkaure is almost destroyed.
Menkaure hums, "Let me perform the rites..."
Menkaure hits you!
You die...

##.# #... ........
...$... #..# . #..#..#
#..# ..###..#..###..#
.....$.........####.#
....!.......).......#
≈≈≈≈≈≈≈.#####.#
......≈@M.....########
#####.≈.#####.........
#.≈.# #.#####.#. #.≈.#
#<# ...≈.# #.# ###.≈..
... ....# ##.## ≈≈≈≈..
#.# ......# #.#


You could see Menkaure (fast).

Vanquished Creatures
  Jessica (D:2)
  3 worms
  3 dart slugs
  4 endoplasms
  3 giant cockroaches
  7 goblins
  2 hobgoblins
  4 kobolds
  4 quokkas
  4 ball pythons
  3 bats
  A frilled lizard (D:2)
  2 rats (D:1)
41 creatures vanquished.

Notes
Turn   | Place    | Note
-------+----------+-------------------------------------------
     0 | D:1      | edwardauron the Spriggan Hunter began the quest for the
                  | Orb.
     0 | D:1      | Reached XP level 1. HP: 10/10 MP: 2/2
   118 | D:1      | Reached XP level 2. HP: 10/14 MP: 3/3
   141 | D:1      | You fall into a shaft and drop 1 floor!
   173 | D:2      | Noticed Jessica
   181 | D:2      | Killed Jessica
   182 | D:2      | Reached XP level 3. HP: 3/18 MP: 4/4
   992 | D:2      | Reached skill level 5 in Ranged Weapons
  1210 | D:2      | Reached XP level 4. HP: 22/22 MP: 5/5
  1463 | D:3      | Identified the +4 hat "Ole Haqi" {rPois}
  1727 | D:3      | Found a faded altar of an unknown god.
  1761 | D:3      | Prayed at the altar of an unknown god.
  1761 | D:3      | Became a worshipper of Jiyva Jyttial the Shapeless
  1761 | D:3      | Reached * piety under Jiyva
  1891 | D:4      | Noticed Menkaure
  1909 | D:4      | Slain by Menkaure

Illustrated notes

Levels and vault maps discovered:
D:1:      minmay_arrival_shoal_huts, layout_loops_ring
D:2:      layout_loops_ring, uniq_jessica
D:3:      layout_rooms, hellmonk_ecumenical_altar_pennies_from_heaven
D:4:      layout_loops_ring, mainiacjoe_overflow_brackets,
          overflow_temple_1_default, mainiacjoe_overflow_big_doors,
          serial_shops, nicolae_lakefront_shop, gammafunk_ghost_abyssal_escape,
          kennysheep_dice, uniq_menkaure

Skill      XL: |  1  2  3 |
---------------+----------+-----
Dodging        | 3 4 |  4.4
Ranged Weapons | 5 |  5.1
Fighting       | |  1.5
Stealth        | |  1.5

Action                     |  1- 3 |  4- 6 || total
---------------------------+-------+-------++-------
   Fire: Shortbow          |    76 |    39 ||   115
 Armour: Robe              |     4 |     2 ||     6
  Dodge: Dodged            |    20 |     2 ||    22
